Map: Emerald City LE

Players

supernoob - Winner!

  • Race: Terran Terran
  • League: Master
  • Spawn Location: 5:00

xlon - Winner!

  • Race: Terran Terran
  • League: Diamond
  • Spawn Location: 5:00

qqq

  • Race: Zerg Zerg
  • League: Platinum
  • Spawn Location: 11:00

Massa

  • Race: Terran Terran
  • League: Platinum
  • Spawn Location: 11:00

VOD

Have the link to the VOD?

Description

Time

  • Played on: Jan. 23, 2021, 7:05 a.m.
  • Length: 14:28
Show
View Real Time Build Order
Export as new Build Order

supernoob Terran - Winner!

Build Orders: Reaper Expand, Mech 

Get SALT Encoding   

  12  0:00  SCV  
  13  0:12  SCV  
  14  0:18  Supply Depot  
  14  0:24  SCV  
  15  0:39  SCV  
  15  0:40  Barracks  
  16  0:44  Refinery  
  16  0:51  SCV  
  17  1:03  SCV  
  18  1:16  SCV  
  19  1:27  Reaper  
  19  1:29  Orbital Command  
  20  1:40  Command Center  
  20  1:51  Supply Depot  
  20  1:55  SCV  
  20  1:59  Marine  
  22  2:09  Factory  
  22  2:12  SCV  
  23  2:22  Barracks Reactor  
  23  2:24  SCV  
  24  2:36  SCV  
  25  2:48  SCV  
  26  2:53  Orbital Command  
  26  2:58  Command Center  
  26  3:00  SCV  
  27  3:10  Refinery  
  27  3:12  SCV  
  27  3:20  SCV  
  27  3:22  Hellion x2  
  27  3:24  SCV  
  33  3:32  SCV  
  34  3:36  SCV  
  34  3:37  Factory  
  34  3:41  Supply Depot  
  35  3:44  Hellion  
  35  3:45  SCV  
  35  3:46  Hellion  
  40  3:48  SCV  
  40  3:51  Barracks Reactor  
  41  3:57  SCV, Factory  
  41  4:00  SCV  
  43  4:04  Supply Depot  
  43  4:09  SCV, Hellion  
  46  4:12  Hellion  
  46  4:13  SCV  
  49  4:21  SCV, Orbital Command  
  50  4:30  Hellion  
  50  4:33  Hellion  
  50  4:36  SCV  
  50  4:37  Factory  
  51  4:39  Barracks Tech Lab  
  51  4:40  SCV  
  51  4:43  Hellion x2  
  56  4:48  SCV  
  56  4:49  Supply Depot  
  56  5:00  SCV x2  
  56  5:02  Hellion x2  
  56  5:06  Supply Depot  
  58  5:08  Hellion x2  
  58  5:12  SCV x2  
  56  5:19  Engineering Bay  
  56  5:21  Supply Depot  
  56  5:24  SCV, Supply Depot  
  56  5:26  SCV  
  58  5:36  SCV  
  58  5:38  SCV, Command Center  
  60  5:45  Armory  
  60  5:47  Armory  
  60  5:48  SCV  
  61  5:51  SCV  
  62  5:57  Refinery x2  
  62  6:01  SCV  
  62  6:03  SCV  
  64  6:05  Widow Mine x3  
  64  6:07  Infernal Pre-Igniter  
  70  6:13  SCV  
  70  6:15  SCV  
  72  6:24  Widow Mine  
  72  6:25  SCV  
  77  6:27  SCV  
  77  6:28  Factory Tech Lab  
  77  6:32  Missile Turret  
  76  6:33  Missile Turret  
  76  6:37  SCV  
  76  6:39  SCV  
  78  6:40  Orbital Command  
  78  6:42  Hellion x2  
  78  6:44  Missile Turret  
  76  6:49  SCV  
  76  6:51  SCV  
  72  6:54  SCV  
  72  6:56  Refinery  
  72  6:59  Widow Mine, Thor  
  72  7:00  Refinery  
  81  7:01  SCV  
  81  7:03  Missile Turret  
  81  7:04  SCV, Neosteel Armor  
  81  7:07  Terran Vehicle Weapons Level 1  
  81  7:08  Terran Vehicle And Ship Armor Level 1  
  83  7:18  SCV x4  
  87  7:24  Command Center  
  87  7:30  SCV x3, Hellion x2  
  87  7:31  Hellion x2  
  87  7:35  SCV  
  99  7:42  SCV x2  
  99  7:50  SCV  
  101  7:51  Thor  
  101  7:52  Siege Tank  
  101  7:54  Hellion x2  
  101  7:55  Hellion  
  116  8:00  SCV  
  116  8:01  SCV  
  116  8:03  SCV  
  118  8:07  Command Center  
  118  8:09  Command Center  
  118  8:12  SCV, Hellion  
  121  8:13  Missile Turret  
  121  8:16  Hellion  
  121  8:17  Factory  
  121  8:18  Factory  
  123  8:20  Factory  
  123  8:23  SCV x2  
  125  8:32  Hellion x2  
  129  8:34  Missile Turret  
  129  8:44  Refinery, Hi-Sec Auto Tracking  
  129  8:45  SCV x2, Hellion x4  
  129  8:47  Refinery, Missile Turret  
  129  8:48  SCV  
  140  8:50  Planetary Fortress  
  140  8:56  Starport  
  140  8:59  Starport  
  140  9:01  SCV  
  141  9:04  Hellion x2, Factory Reactor  
  141  9:06  Factory Reactor  
  141  9:07  Factory Reactor  
  141  9:08  Missile Turret  
  145  9:11  SCV  
  145  9:12  SCV  
  147  9:19  SCV  
  148  9:26  SCV x2  
  148  9:29  SCV  
  151  9:31  SCV  
  151  9:35  Hellion  
  151  9:36  Hellion x2  
  151  9:38  SCV x2, Hellion x3  
  165  9:44  Command Center  
  166  9:45  Command Center  
  166  9:51  SCV x2  
  168  9:53  Hellion  
  168  9:54  Starport Tech Lab x2  
  168  9:55  Missile Turret  
  168  9:59  Missile Turret  
  170  10:02  Starport  
  170  10:05  Starport  
  170  10:07  Thor  
  170  10:08  SCV  
  170  10:13  SCV x2, Hellion  
  177  10:16  Missile Turret  
  177  10:20  SCV x2, Missile Turret  
  155  10:21  Hellion x2  
  155  10:24  SCV x2  
  132  10:31  Hellion x5, Raven x2  
  132  10:32  SCV  
  132  10:35  Corvid Reactor  
  142  10:42  Planetary Fortress  
  142  10:43  Planetary Fortress  
  142  10:49  SCV, Hellion x3  
  149  10:52  SCV x3  
  149  10:54  Starport Tech Lab x2  
  152  11:01  Starport, SCV  
  153  11:04  Starport  
  153  11:06  Terran Vehicle And Ship Armor Level 2, Starport, Terran Vehicle Weapons Level 2  
  153  11:07  SCV  
  153  11:10  Hellion x3  
  153  11:11  SCV, Hellion x2  
  164  11:14  Raven x2  
  164  11:17  Refinery  
  169  11:19  Refinery, SCV  
  169  11:21  Orbital Command  
  169  11:22  Orbital Command  
  169  11:23  Hellion x2, Raven x2  
  169  11:24  SCV  
  179  11:36  SCV x5  
  179  11:38  Hellion x2  
  179  11:39  Hellion x4  
  196  11:40  SCV  
  196  11:41  Starport Tech Lab x2  
  196  11:42  Starport Tech Lab  
  196  11:44  SCV  
  198  11:48  Refinery  
  198  11:52  Refinery  
  198  11:53  Barracks Tech Lab  
  198  11:57  Raven  
  200  12:06  Drilling Claws, Mag-Field Accelerator  
  200  12:08  Cloaking Field, Ghost Academy x3  
  200  12:09  Hyperflight Rotors, Ghost Academy  
  200  12:10  Ghost Academy  
  176  12:32  Command Center  
  176  12:33  Command Center x2  
  150  12:37  Siege Tank x2  
  150  12:38  Hellion x3  
  150  12:39  Hellion x5  
  150  12:40  Raven  
  156  12:44  SCV x2  
  156  12:50  SCV  
  156  12:51  SCV  
  154  12:53  Hellion x2  
  154  12:56  SCV  
  159  13:00  Hellion x5  
  159  13:03  Fusion Core  
  159  13:04  Starport, SCV  
  159  13:05  Starport x2, SCV  
  171  13:06  Starport  
  171  13:09  Siege Tank x2  
  177  13:18  Hellion x3  
  177  13:19  Hellion x2  
  187  13:21  Hellion x4  
  187  13:22  Hellion  
  197  13:27  Orbital Command  
  197  13:29  Raven x2  
  197  13:33  SCV x2  
  191  13:40  Hellion x5  
  197  13:41  Starport Tech Lab, Siege Tank  
  197  13:42  Starport Tech Lab x2  
  197  13:44  Starport Tech Lab  
  168  14:16  SCV x2  
Show
View Real Time Build Order
Export as new Build Order

xlon Terran - Winner!

Build Orders:  

Get SALT Encoding   

  12  0:00  SCV  
  13  0:12  SCV  
  14  0:18  Supply Depot  
  14  0:24  SCV  
  15  0:39  SCV  
  15  0:40  Barracks  
  16  0:44  Refinery  
  16  0:51  SCV  
  17  1:04  SCV  
  18  1:16  SCV  
  19  1:27  Reaper  
  19  1:28  SCV  
  21  1:40  Command Center  
  21  1:42  SCV  
  22  1:55  Orbital Command  
  22  2:15  Engineering Bay  
  22  2:17  Factory  
  22  2:22  SCV  
  22  2:40  SCV  
  22  2:41  Barracks Reactor  
  23  2:52  SCV  
  23  2:54  Orbital Command  
  24  3:04  SCV  
  25  3:11  Orbital Command  
  25  3:15  Factory Tech Lab, Terran Infantry Weapons Level 1  
  25  3:16  SCV  
  25  3:17  Engineering Bay  
  25  3:21  Barracks  
  25  3:22  Barracks  
  25  3:25  Marine x2  
  27  3:28  SCV  
  28  3:34  Bunker  
  28  3:38  Refinery  
  28  3:41  SCV  
  29  3:46  Terran Infantry Armor Level 1  
  29  3:53  SCV x2  
  31  3:57  Marine x2  
  33  4:04  Refinery  
  33  4:05  SCV x2  
  33  4:08  Refinery  
  35  4:17  SCV, Marine x2, Barracks Tech Lab x2  
  34  4:19  SCV  
  37  4:26  Armory  
  37  4:29  SCV  
  38  4:37  Supply Depot x2  
  38  4:44  Stimpack  
  38  4:58  SCV x2, Marauder x2, Marine x2  
  46  5:03  Starport  
  46  5:10  SCV x2  
  48  5:15  Command Center  
  48  5:22  SCV  
  48  5:24  Concussive Shells  
  49  5:31  SCV  
  50  5:38  SCV  
  50  5:39  Command Center  
  50  5:41  Terran Infantry Weapons Level 2  
  51  5:44  Starport Reactor  
  51  5:51  Terran Infantry Armor Level 2  
  51  5:59  SCV x2  
  53  6:08  Engineering Bay  
  53  6:10  Combat Shield  
  53  6:11  SCV  
  54  6:19  Supply Depot  
  54  6:22  Missile Turret  
  54  6:25  Supply Depot  
  54  6:28  Missile Turret  
  54  6:32  Missile Turret  
  54  6:39  Missile Turret  
  54  6:46  Marine  
  54  6:47  Marine x3  
  55  6:49  SCV  
  55  6:50  SCV  
  60  6:57  Cyclone  
  63  7:04  Marine x2  
  63  7:07  Orbital Command  
  64  7:15  Marine  
  64  7:17  Viking  
  65  7:25  Marine x2  
  65  7:29  Cyclone  
  70  7:37  SCV x2  
  70  7:38  SCV x2  
  70  7:39  Marine  
  70  7:40  Marine  
  70  7:41  Viking  
  78  7:49  SCV x2  
  78  7:50  SCV  
  81  7:54  Missile Turret  
  81  7:56  SCV  
  81  7:58  Marauder x2  
  86  7:59  Terran Infantry Weapons Level 3  
  86  8:05  Barracks  
  84  8:26  Marine x3  
  88  8:27  Marauder  
  88  8:29  Refinery, SCV x2  
  88  8:30  Siege Tank  
  88  8:31  Refinery  
  93  8:35  Medivac x2  
  93  8:37  Orbital Command, Barracks x2  
  93  8:38  SCV  
  98  8:43  SCV  
  98  8:44  Marine  
  100  8:54  Supply Depot  
  100  8:57  Supply Depot  
  100  9:05  Orbital Command  
  100  9:06  Supply Depot  
  100  9:08  Supply Depot  
  100  9:12  SCV, Marine x2  
  100  9:15  Marine, Viking x2  
  100  9:16  Siege Tank  
  108  9:17  Marauder  
  108  9:19  Marauder  
  104  9:30  Marine x2  
  85  9:33  Marine  
  88  9:38  Marauder  
  88  9:40  Marauder  
  90  9:47  Marine x2  
  90  9:51  Marine  
  86  10:00  Marauder  
  86  10:01  Marauder  
  86  10:03  Medivac x2, Siege Tank  
  86  10:05  Marine x2  
  89  10:14  Barracks Tech Lab  
  88  10:15  Orbital Command  
  88  10:16  Barracks Reactor  
  88  10:17  Terran Infantry Armor Level 3  
  89  10:21  Marauder  
  89  10:23  Marauder, Marine x2  
  93  10:33  Medivac x2  
  93  10:34  Orbital Command, Marine  
  93  10:35  Siege Tank  
  95  10:41  Marine x2  
  96  10:42  Marauder  
  96  10:43  SCV x2  
  96  10:44  SCV, Marauder  
  96  10:47  Barracks Tech Lab  
  99  10:52  Marauder  
  99  10:55  SCV  
  97  10:57  Marine x2  
  97  10:59  SCV, Marine x2  
  97  11:03  Viking  
  106  11:04  SCV, Marauder  
  106  11:05  SCV  
  106  11:06  Marauder  
  106  11:08  SCV, Marine  
  106  11:10  Terran Vehicle And Ship Armor Level 1  
  112  11:13  Marine  
  114  11:18  SCV x3  
  114  11:20  SCV, Marine  
  114  11:22  Refinery  
  114  11:24  Marine  
  114  11:25  Marauder, Marine x2  
  121  11:26  Refinery x2, Marine  
  121  11:28  Refinery  
  121  11:31  SCV x2  
  127  11:32  SCV  
  127  11:33  SCV  
  127  11:38  Marauder, Marine x2, Command Center  
  132  11:40  Supply Depot  
  132  11:43  Neosteel Armor  
  132  11:45  Supply Depot  
  132  11:46  Supply Depot  
  132  11:48  Supply Depot  
  132  11:50  Supply Depot  
  132  12:01  SCV x2, Marine x4  
  132  12:02  Marauder  
  132  12:04  Supply Depot  
  132  12:06  Siege Tank  
  132  12:07  Marauder x2  
  147  12:17  Marine  
  147  12:19  Marine x2  
  147  12:21  Marine x2  
  152  12:23  Marauder  
  152  12:28  Marauder  
  152  12:39  Siege Tank  
  152  12:43  Marauder, Marine x3  
  157  12:45  Marine  
  157  12:46  Marine x2  
  157  12:50  Marauder  
  162  12:55  Medivac  
  162  12:56  Medivac  
  164  13:00  Marine x2  
  164  13:01  Marine  
  164  13:03  Marine  
  164  13:04  Marauder x2, Marine  
  173  13:10  Marine  
  173  13:11  Siege Tank  
  177  13:18  Marine x3  
  179  13:21  Marine  
  179  13:23  Marauder  
  179  13:25  Marauder x2, Medivac  
  186  13:28  Marine  
  181  13:36  Marine  
  181  13:38  Marine x2  
  181  13:39  Marine  
  175  13:46  Marauder, Marine  
  175  13:48  Marauder x2  
  165  13:50  Siege Tank  
  165  13:54  Marine  
  153  13:56  Marine x2  
  153  13:57  Marine  
  152  14:05  Marauder  
Show
View Real Time Build Order
Export as new Build Order

qqq Zerg 

Build Orders: Hatch First, Brood Lord Corruptor 

Get SALT Encoding   

  12  0:01  Drone  
  13  0:08  Drone  
  14  0:17  Overlord  
  14  0:34  Overlord  
  14  0:52  Hatchery  
  13  1:09  Drone x3  
  16  1:29  Drone  
  17  1:36  Drone  
  18  1:40  Extractor, Spawning Pool  
  16  1:48  Drone  
  17  2:00  Drone  
  18  2:07  Drone  
  19  2:09  Drone  
  21  2:15  Drone  
  21  2:30  Queen x2  
  21  2:31  Drone x2  
  21  2:35  Zergling x2  
  28  2:48  Zergling x2  
  28  2:49  Zergling x6  
  29  3:03  Zergling x2  
  29  3:04  Drone  
  30  3:09  Metabolic Boost  
  30  3:23  Drone x2  
  30  3:24  Drone  
  30  3:25  Drone  
  34  3:27  Extractor  
  33  3:35  Lair  
  33  3:39  Drone  
  34  3:45  Overlord  
  34  3:46  Hatchery  
  33  3:49  Drone  
  33  3:52  Drone  
  35  3:58  Drone  
  35  3:59  Overlord  
  37  4:17  Drone x2  
  37  4:19  Zergling x2  
  37  4:20  Drone x3  
  37  4:36  Drone  
  38  4:45  Drone x2  
  38  4:46  Drone  
  38  4:47  Spire  
  38  4:52  Spore Crawler  
  38  4:56  Drone, Spore Crawler  
  38  4:58  Drone  
  37  5:14  Zergling x4  
  38  5:15  Drone x4  
  42  5:29  Zergling x2  
  42  5:30  Drone  
  42  5:31  Spine Crawler x2  
  42  5:32  Drone  
  44  5:35  Drone  
  44  5:36  Drone  
  45  5:44  Drone  
  45  5:45  Zergling x2, Infestation Pit  
  45  5:48  Drone  
  45  5:49  Drone  
  48  5:56  Queen  
  50  5:58  Drone  
  50  6:01  Mutalisk  
  53  6:11  Pneumatized Carapace  
  53  6:13  Overseer  
  53  6:14  Mutalisk x2  
  53  6:17  Overlord  
  57  6:24  Overlord x2  
  57  6:31  Hive  
  45  6:48  Drone x3  
  45  6:49  Drone x3  
  50  6:54  Drone  
  50  6:55  Drone x2  
  50  6:57  Extractor  
  50  6:59  Extractor  
  50  7:00  Drone  
  52  7:14  Mutalisk x2  
  56  7:22  Zergling x10  
  61  7:23  Drone x5  
  61  7:24  Drone x2  
  68  7:43  Greater Spire  
  68  7:46  Drone x4  
  72  7:56  Drone x4  
  76  8:01  Hatchery  
  76  8:04  Overlord x2  
  75  8:09  Drone  
  75  8:10  Spire  
  75  8:13  Hatchery  
  74  8:24  Drone  
  75  8:30  Corruptor x2  
  75  8:32  Drone  
  80  8:36  Extractor  
  80  8:38  Extractor  
  78  8:45  Drone  
  78  8:46  Mutalisk  
  78  8:47  Mutalisk  
  83  8:51  Zergling x12  
  83  8:52  Zergling x2  
  90  9:00  Overlord x2  
  87  9:19  Corruptor x2  
  87  9:22  Brood Lord  
  93  9:28  Drone x6  
  99  9:37  Drone x4  
  99  9:38  Drone  
  104  9:40  Brood Lord  
  104  9:41  Corruptor  
  104  9:43  Hatchery  
  105  10:02  Corruptor x4  
  105  10:04  Drone x3  
  105  10:05  Overlord x3  
  105  10:06  Overlord  
  89  10:39  Corruptor x2  
  89  10:40  Drone x4  
  89  10:41  Drone x2  
  99  10:46  Brood Lord x3  
  99  10:48  Zergling x8  
  99  10:49  Drone  
  110  10:54  Mutalisk x2  
  110  10:56  Drone x2  
  116  11:00  Drone  
  116  11:01  Queen  
  119  11:15  Drone  
  119  11:16  Drone x2  
  122  11:19  Extractor, Spine Crawler  
  122  11:20  Spine Crawler  
  122  11:21  Extractor  
  122  11:22  Extractor x2  
  116  11:27  Zerg Flyer Weapons Level 1  
  116  11:29  Zerg Flyer Armor Level 1  
  116  11:31  Viper  
  119  11:33  Viper  
  119  11:35  Zergling x8, Overlord  
  119  11:36  Queen, Overlord x2  
  119  11:37  Drone x4  
  132  11:49  Overseer x2, Corruptor  
  132  11:51  Drone x2  
  132  11:52  Drone, Zergling x2  
  132  11:53  Zergling x2  
  132  12:18  Corruptor  
  132  12:19  Corruptor x2  
  137  12:23  Brood Lord  
  110  12:53  Spine Crawler, Brood Lord x4  
  110  12:55  Zergling x6  
  110  12:56  Zergling x8  
  110  12:57  Zergling x4  
  126  13:00  Spine Crawler x2  
  126  13:01  Spine Crawler  
  126  13:02  Spine Crawler  
  120  13:18  Hatchery  
  119  13:20  Corruptor x2  
  119  13:21  Corruptor x3  
  127  13:32  Brood Lord  
  112  13:49  Corruptor x2  
  112  13:52  Zergling x14  
  111  14:01  Brood Lord  
  101  14:03  Brood Lord  
Show
View Real Time Build Order
Export as new Build Order

Massa Terran 

Build Orders: Reaper Expand 

Get SALT Encoding   

  12  0:00  SCV  
  13  0:12  SCV  
  14  0:24  SCV, Supply Depot  
  15  0:45  Refinery, SCV  
  15  0:47  Barracks  
  16  0:58  SCV  
  17  1:10  SCV  
  18  1:22  SCV  
  19  1:34  Orbital Command  
  19  1:35  Reaper  
  20  1:44  Command Center  
  20  2:00  SCV  
  21  2:07  Marine  
  22  2:12  SCV  
  22  2:13  Supply Depot  
  23  2:34  SCV  
  23  2:36  Reaper  
  22  2:46  SCV  
  22  2:55  Command Center  
  22  2:58  SCV  
  22  3:08  Reaper  
  23  3:16  Orbital Command  
  23  3:25  SCV  
  24  3:34  Refinery  
  24  3:35  Engineering Bay  
  24  3:37  SCV  
  24  3:38  Command Center  
  25  3:47  SCV  
  25  3:48  Barracks Tech Lab  
  26  3:49  SCV, Factory  
  27  3:59  SCV  
  27  4:01  SCV  
  29  4:04  Barracks  
  29  4:23  Marauder  
  31  4:25  SCV x2  
  33  4:37  SCV, Factory Tech Lab  
  33  4:38  SCV  
  35  4:44  Starport  
  35  4:46  SCV  
  35  4:50  SCV x2  
  38  4:58  SCV  
  39  5:02  SCV x2, Siege Tank  
  39  5:03  Marauder  
  39  5:04  SCV  
  46  5:08  Missile Turret  
  46  5:10  SCV  
  46  5:14  SCV x2  
  48  5:16  SCV  
  48  5:17  Stimpack  
  50  5:22  Refinery  
  50  5:26  Refinery, SCV x2  
  50  5:28  SCV  
  53  5:34  Starport Tech Lab, Siege Tank  
  56  5:40  Missile Turret  
  56  5:45  Terran Infantry Weapons Level 1  
  56  5:46  Barracks Reactor  
  56  5:49  SCV x3  
  59  6:01  SCV x3  
  59  6:03  Marauder  
  64  6:06  Orbital Command  
  64  6:13  SCV x3  
  64  6:18  Missile Turret  
  67  6:21  Marine, Sensor Tower  
  67  6:22  Marine  
  67  6:23  Banshee  
  67  6:25  SCV x2, Marauder  
  76  6:26  Cloaking Field  
  76  6:34  Supply Depot  
  76  6:35  Supply Depot  
  76  6:38  Supply Depot  
  76  6:39  Missile Turret  
  76  6:55  Marine x2  
  76  6:56  SCV x3, Marauder  
  84  7:08  SCV x3  
  86  7:13  Marine x2  
  88  7:17  Marauder  
  88  7:21  Refinery, Barracks  
  90  7:23  Refinery  
  90  7:26  Barracks x2  
  90  7:27  Starport  
  90  7:28  Factory  
  90  7:29  SCV  
  92  7:30  SCV x2  
  93  7:37  Armory, Marine  
  93  7:38  Marine  
  93  7:39  Terran Infantry Armor Level 1, Marauder, Siege Tank  
  100  8:26  SCV, Marine x2  
  100  8:31  Barracks Reactor, Barracks Tech Lab  
  100  8:32  Barracks Tech Lab  
  100  8:34  Factory Tech Lab, Starport Reactor  
  100  8:39  Terran Vehicle Weapons Level 1  
  100  8:43  Engineering Bay  
  100  8:49  Supply Depot  
  100  8:50  Supply Depot  
  100  8:51  Factory Tech Lab, Supply Depot  
  100  8:52  Supply Depot x2  
  100  8:53  Supply Depot  
  100  8:55  Combat Shield  
  100  8:56  Supply Depot  
  100  8:57  Supply Depot x2  
  100  8:58  Planetary Fortress  
  100  8:59  Supply Depot  
  100  9:02  Supply Depot  
  100  9:03  Supply Depot  
  100  9:10  SCV x2, Marauder, Marine, Siege Tank  
  100  9:11  SCV, Marine, Medivac  
  100  9:12  Marauder x2  
  100  9:13  Supply Depot  
  116  9:22  SCV  
  116  9:23  SCV  
  115  9:28  Marine  
  115  9:29  Marine  
  113  9:32  Marauder  
  113  9:33  Marauder x2  
  113  9:35  Smart Servos  
  113  9:37  Concussive Shells  
  113  9:38  Marine x2  
  121  9:41  Medivac  
  121  9:42  SCV x4, Siege Tank  
  128  9:46  Marine  
  128  9:47  Marine  
  124  9:53  Marauder  
  124  9:54  SCV x3, Marauder x2  
  124  9:56  Marine x2  
  135  10:03  Marine  
  135  10:04  Marine  
  135  10:11  Viking x3  
  135  10:13  Marine  
  135  10:14  Marine, Siege Tank  
  139  10:15  Marauder  
  139  10:16  Marauder x2  
  139  10:21  Marine  
  139  10:22  Marine  
  135  10:31  Marine  
  124  10:36  Marauder  
  124  10:37  Marauder x2  
  124  10:38  Marine  
  124  10:39  Marine, Siege Tank  
  124  10:40  Marine  
  124  10:41  Viking  
  127  10:46  Siege Tank  
  127  10:49  Marine  
  124  10:53  Drilling Claws  
  124  10:56  Medivac x2  
  128  10:57  Marauder  
  128  10:59  Marauder x2  
  128  11:00  SCV x4  
  128  11:03  Refinery  
  128  11:04  Refinery  
  138  11:06  Marine  
  138  11:07  Marine x3  
  145  11:11  Medivac, Siege Tank  
  145  11:12  Command Center  
  145  11:13  Terran Infantry Armor Level 2  
  147  11:19  Marauder, Siege Tank  
  147  11:20  Marauder x2  
  147  11:24  Marine  
  147  11:25  Marine x3  
  159  11:39  Barracks  
  159  11:40  Marauder  
  159  11:41  Marauder x2  
  159  11:42  Barracks, Marine x4  
  159  11:43  Sensor Tower  
  159  11:46  Sensor Tower  
  169  11:58  Missile Turret  
  169  11:59  Missile Turret  
  169  12:00  Marine x4  
  173  12:02  Marauder  
  173  12:03  Marauder x2  
  173  12:06  SCV x2  
  173  12:07  SCV x2  
  183  12:17  Marine  
  183  12:18  SCV, Marine x2  
  183  12:19  SCV, Missile Turret  
  188  12:23  Marauder  
  188  12:24  Marauder x2  
  188  12:25  Planetary Fortress  
  173  12:39  Marine  
  173  12:40  Marine x3  
  173  12:41  Missile Turret  
  170  12:44  Marauder  
  170  12:45  Marauder x2  
  174  12:56  Barracks Tech Lab  
  174  12:57  Barracks Tech Lab, Marine  
  174  12:58  Marine x2  
  175  13:00  Sensor Tower  
  173  13:06  Marauder  
  173  13:07  Marauder x2  
  179  13:16  Missile Turret  
  161  13:27  Marauder  
  159  13:45  Medivac x3  
  141  14:08  Marine  
  141  14:09  Marine x3  
Tags
 
Add a new tag
Caveats
  • Supply blocks, unpowered buildings, or Contaminate may cause inaccurate times.
  • Supply counts are checked every 10 seconds.